 Dungeon Crawl Stone Soup version 0.29-a0-393-g47a863cc1b (webtiles) character file.

Game seed: 11159746834299715681

257 hquester the Covert (level 6, 0/53 HPs)
             Began as a Gnoll Delver on May 10, 2022.
             Slain by an orc
             ... wielding a +0 mace
              (1 damage)
             ... on level 3 of the Dungeon.
             The game lasted 00:20:18 (3368 turns).

hquester the Covert (Gnoll Delver)                  Turns: 3368, Time: 00:20:18

Health: 0/53       AC: 11    Str: 13    XL:     6   Next: 16%
Magic:  8/8        EV:  4    Int:  9    God:
Gold:   70         SH:  0    Dex: 14    Spells: 7/8 levels left

rFire   . . .      SeeInvis +   a - +0 hand axe
rCold   . . .      Faith    .   (no shield)
rNeg    . . .      Spirit   .   n - +0 plate armour
rPois   .          Reflect  .   (no helmet)
rElec   .          Harm     .   (no cloak)
rCorr   .          Rampage  .   (no gloves)
Will    .....                   k - +0 pair of boots
Stlth   ..........              (no amulet)
HPRegen 0.17/turn               h - ring of see invisible
MPRegen 0.11/turn               (no ring)

@: mighty
A: fangs 1, strong nose, distributed training
a: no special abilities


You were on level 3 of the Dungeon.
You visited 1 branch of the dungeon, and saw 5 of its levels.

You collected 70 gold pieces.

Inventory:

Hand Weapons
 a - a +0 hand axe (weapon)
 i - a +0 spear
 v - a +2 mace of protection
Missiles
 j - 61 stones (quivered)
Armour
 k - a +0 pair of boots (worn)
 n - a +0 plate armour (worn)
Jewellery
 h - a ring of see invisible (left hand)
Wands
 g - a wand of digging (3)
Scrolls
 c - 3 scrolls of fog
 d - a scroll of magic mapping
 e - a scroll of fear
 m - a scroll of torment {unknown}
 p - a scroll of identify {unknown}
 s - a scroll of summoning {unknown}
 t - 2 scrolls of teleportation {unknown}
 u - a scroll of enchant armour {unknown}
Potions
 b - 3 potions of might
 f - a potion of haste
 l - a potion of heal wounds {unknown}
 o - a potion of flight {unknown}
 q - a potion of attraction {unknown}
 r - 3 potions of curing {unknown}


   Skills:
 + Level 6.8 Fighting
 + Level 1.8 Short Blades
 + Level 1.8 Long Blades
 + Level 4.9 Axes
 + Level 1.8 Maces & Flails
 + Level 1.8 Polearms
 + Level 1.8 Staves
 + Level 1.8 Slings
 + Level 1.8 Bows
 + Level 1.8 Crossbows
 + Level 1.8 Throwing
 + Level 1.8 Armour
 + Level 4.9 Dodging
 + Level 9.7 Stealth
 + Level 1.8 Shields
 + Level 1.8 Unarmed Combat
 + Level 1.8 Spellcasting
 + Level 1.4 Conjurations
 + Level 1.4 Hexes
 + Level 1.4 Summonings
 + Level 1.4 Necromancy
 + Level 1.4 Translocations
 + Level 1.4 Transmutations
 + Level 1.4 Fire Magic
 + Level 1.4 Ice Magic
 + Level 1.4 Air Magic
 + Level 1.4 Earth Magic
 + Level 1.4 Poison Magic
 + Level 2.0 Invocations
 + Level 1.8 Evocations


You had 7 spell levels left.
You knew the following spells:

 Your Spells              Type           Power      Damage    Failure   Level
a - Sting                 Tmut/Pois      12%        1d3       100%        1

Your spell library contained the following spells:

 Spells                   Type           Power      Damage    Failure   Level
 Corpse Rot               Necr/Air       6%         N/A       100%        2
 Poisonous Vapours        Pois/Air       6%         N/A       100%        2
 Dispel Undead            Necr           3%         3d7       100%        4
 Olgreb's Toxic Radiance  Pois           3%         N/A       100%        4
 Death Channel            Necr           1%         N/A       100%        6


Dungeon Overview and Level Annotations

Branches:
Dungeon (5/15)
 Temple: D:4-7

Altars:


Innate Abilities, Weirdness & Mutations

You have very sharp teeth.
Your uncanny sense of smell can sniff out nearby items.
Your experience applies equally to all skills.


Message History

j - 61 stones (gained 14)
You see here a +2 mace of protection.
Things that are here:
a +0 dagger; a +0 robe; a frilled lizard corpse An orc comes into view.
It is wielding a +0 mace.
You slash the orc priest!
You kill the orc priest!
Unknown command.
Items here: )) [ †.
Okay, then.
Things that are here:
a +0 dagger; a +0 ring mail; an orc corpse You see here a +2 mace of protection.
v - a +2 mace of protection An orc comes into view.
It is wielding a +2 short sword of speed.
The orc shouts!
You hear a shout!
You barely miss the orc. The orc barely misses you.
You slash the orc!
You kill the orc!
You barely miss the orc.
An orc comes into view.
It is wielding a +0 trident and wearing a +1 ring mail of cold resistance.
The orc hits you with a +0 mace.
* * * LOW HITPOINT WARNING * * *
The orc attacks as you move away! The orc hits you but does no damage.
The orc attacks as you move away! The orc hits you but does no damage.
Things that are here:
a +0 dagger; a +0 ring mail; an orc corpse The orc attacks as you move away!
The orc hits you but does no damage. The orc attacks as you move away!
The orc hits you but does no damage. The orc attacks as you move away!
The orc barely misses you.
Items here: )) [ †.
The orc attacks as you move away! The orc hits you but does no damage.
The orc attacks as you move away! The orc hits you with a +0 mace.
* * * LOW HITPOINT WARNING * * *
The orc attacks as you move away! The orc hits you with a +0 mace.
* * * LOW HITPOINT WARNING * * *
The orc attacks as you move away! The orc hits you with a +0 mace.
* * * LOW HITPOINT WARNING * * *
The orc attacks as you move away! The orc hits you with a +0 mace.
You die...

)...#........#####.#.#.#
....#........'.........#
....#.#......#......####
.......................#
...##.########......##.#
...##.# #.o....##.#
...## # #......##.# ...#
#..o)..##.# ....
######@....#.#
#...)..)##.#.#
#.......<#'#.####
#................#
..................#
##.#..............#
#.#....#.......... #
##..#.#..#######
#.#._.#..


You could see 2 orcs.

Vanquished Creatures
  A black bear (D:2)
  An orc priest (D:3)
  An orc wizard (D:3)
  A gnoll (D:1)
  6 adders
  A dart slug (D:2)
  3 orcs (D:3)
  5 endoplasms
  A giant cockroach (D:3)
  A goblin (D:1)
  6 hobgoblins
  5 quokkas
  A ball python (D:1)
  2 bats
  4 frilled lizards
  7 kobolds
  4 rats
50 creatures vanquished.

Vanquished Creatures (others)
  3 plants (D:2)
3 creatures vanquished.

Grand Total: 53 creatures vanquished

Notes
Turn   | Place    | Note
-------+----------+-------------------------------------------
     0 | D:5      | Reached skill level 9 in Stealth
     0 | D:5      | hquester the Gnoll Delver began the quest for the Orb.
     0 | D:5      | Reached XP level 1. HP: 23/23 MP: 1/1
    30 | D:5      | Reached XP level 2. HP: 16/29 MP: 2/2
    65 | D:5      | Noticed an ice beast
   309 | D:3      | Reached XP level 3. HP: 32/35 MP: 3/3
   317 | D:3      | Noticed a black bear
   344 | D:3      | Found a faded altar of an unknown god.
   624 | D:1      | Reached skill level 1 in Invocations
   932 | D:1      | Reached skill level 1 in Short Blades
   932 | D:1      | Reached skill level 1 in Long Blades
   932 | D:1      | Reached skill level 1 in Maces & Flails
   932 | D:1      | Reached skill level 1 in Polearms
   932 | D:1      | Reached skill level 1 in Staves
   932 | D:1      | Reached skill level 1 in Slings
   932 | D:1      | Reached skill level 1 in Bows
   932 | D:1      | Reached skill level 1 in Crossbows
   932 | D:1      | Reached skill level 1 in Throwing
   932 | D:1      | Reached skill level 1 in Armour
   932 | D:1      | Reached skill level 1 in Shields
   932 | D:1      | Reached skill level 1 in Unarmed Combat
   932 | D:1      | Reached skill level 1 in Spellcasting
   932 | D:1      | Reached skill level 1 in Evocations
   951 | D:1      | Reached XP level 4. HP: 20/41 MP: 5/5
  1261 | D:1      | Learned a level 1 spell: Sting
  2379 | D:2      | Reached skill level 1 in Conjurations
  2379 | D:2      | Reached skill level 1 in Hexes
  2379 | D:2      | Reached skill level 1 in Summonings
  2379 | D:2      | Reached skill level 1 in Necromancy
  2379 | D:2      | Reached skill level 1 in Translocations
  2379 | D:2      | Reached skill level 1 in Transmutations
  2379 | D:2      | Reached skill level 1 in Fire Magic
  2379 | D:2      | Reached skill level 1 in Ice Magic
  2379 | D:2      | Reached skill level 1 in Air Magic
  2379 | D:2      | Reached skill level 1 in Earth Magic
  2379 | D:2      | Reached skill level 1 in Poison Magic
  2982 | D:2      | Killed a black bear
  2983 | D:2      | Reached XP level 5. HP: 16/47 MP: 5/7
  3302 | D:3      | Reached XP level 6. HP: 43/53 MP: 8/8
  3308 | D:3      | HP: 1/53 [orc priest/divine providence (13)]
  3365 | D:3      | HP: 2/53 [orc/+0 mace (4)]
  3368 | D:3      | Slain by an orc

Illustrated notes

Levels and vault maps discovered:
D:1:      tarquinn_simple_flora_water_f, layout_basic
D:2:      layout_basic, serial_bayou_crossing
D:3:      layout_basic, nicolae_overflow_crystal_walls,
          chequers_ecumenical_altar_simple_redux, uniq_terence
D:4:      layout_basic, minmay_temple_entry_arrows, skrybe_limestone_x,
          kennysheep_potato
D:5:      layout_gridville, uniq_grinder

Skill      XL: |  1  2  3  4  5  6 |
---------------+-------------------+-----
Stealth        | |  9.7
Invocations    | 1 2 |  2.0
Short Blades   | 1 |  1.8
Long Blades    | 1 |  1.8
Maces & Flails | 1 |  1.8
Polearms       | 1 |  1.8
Staves         | 1 |  1.8
Slings         | 1 |  1.8
Bows           | 1 |  1.8
Crossbows      | 1 |  1.8
Throwing       | 1 |  1.8
Armour         | 1 |  1.8
Shields        | 1 |  1.8
Unarmed Combat | 1 |  1.8
Spellcasting   | 1 |  1.8
Evocations     | 1 |  1.8
Conjurations   | 1 |  1.4
Hexes          | 1 |  1.4
Summonings     | 1 |  1.4
Necromancy     | 1 |  1.4
Translocations | 1 |  1.4
Transmutations | 1 |  1.4
Fire Magic     | 1 |  1.4
Ice Magic      | 1 |  1.4
Air Magic      | 1 |  1.4
Earth Magic    | 1 |  1.4
Poison Magic   | 1 |  1.4
Fighting       | |  6.8
Axes           | |  4.9
Dodging        | |  4.9

Action                   |  1- 3 |  4- 6 || total
-------------------------+-------+-------++-------
Melee: Hand axe          |    80 |   103 ||   183
       Bite              |    11 |     6 ||    17
       Punch             |       |     1 ||     1
Throw: Stone             |     9 |     5 ||    14
  Use: Potion            |       |     1 ||     1
 Stab: Sleeping          |     1 |       ||     1
Armor: Leather armour    |     7 |       ||     7
       Chain mail        |    19 |    30 ||    49
       Plate armour      |       |    65 ||    65
Dodge: Dodged            |    49 |    42 ||    91

Table legend: (Time is in decaauts)
 A = Elapsed time spent in this place.
 B = Non-inter-level travel time spent in this place.
 C = Inter-level travel time spent in this place.
 D = Time resting spent in this place.
 E = Time spent auto-exploring this place.
 F = Levels seen in this place.
 G = Mean time per level.
                   A        B        C        D        E       F      G
               +--------+--------+--------+--------+--------+-----+--------+
         Total |   3389 |   3382 |      7 |     11 |   2208 |   5 |  677.8 |
       Dungeon |   3389 |   3382 |      7 |     11 |   2208 |   5 |  677.8 |
               +--------+--------+--------+--------+--------+-----+--------+

Top non-repeatable levels by time:
     D:1: 1531 daAuts
     D:2: 1134 daAuts
     D:3: 540 daAuts
     D:5: 134 daAuts
     D:4: 48 daAuts
